Map: Eternal Empire LE

Players

Ziggy - Winner!

  • Race: Terran Terran
  • League: Grandmaster
  • Spawn Location: 1:00

ShaDoWn

  • Race: Protoss Protoss
  • Spawn Location: 7:00

Event: DreamHack SC2 Masters 2020 Summer Europe

VOD

Have the link to the VOD?

Description

Time

  • Played on: June 30, 2020, 12:51 p.m.
  • Length: 17:46

All games in this series

Show
View Real Time Build Order
Export as new Build Order

Ziggy Terran - Winner!

Build Orders: Gas First Reaper Expand, Mech, Banshee Rush 

Get SALT Encoding   

  12  0:00  SCV  
  13  0:12  SCV  
  14  0:17  Supply Depot  
  14  0:24  SCV  
  14  0:28  Refinery  
  15  0:39  SCV  
  16  0:44  Barracks  
  16  0:51  SCV  
  17  1:03  SCV  
  18  1:15  SCV  
  19  1:30  Orbital Command  
  19  1:31  Reaper  
  20  1:50  Command Center  
  20  1:57  SCV  
  21  2:03  Factory  
  21  2:05  Barracks Reactor  
  21  2:09  SCV  
  21  2:13  Supply Depot  
  22  2:21  SCV  
  22  2:22  Refinery  
  23  2:35  SCV  
  24  2:47  Starport, SCV  
  25  2:53  Hellion x2  
  29  2:59  SCV  
  29  3:01  Orbital Command  
  29  3:02  Barracks Tech Lab  
  30  3:14  Hellion x2  
  30  3:18  SCV  
  35  3:28  SCV  
  35  3:30  SCV  
  35  3:32  Banshee  
  35  3:34  Cloaking Field  
  40  3:39  Marine x2  
  42  3:44  Supply Depot, SCV  
  42  3:47  SCV  
  42  3:48  Factory Tech Lab  
  44  3:56  SCV  
  44  3:57  Marine  
  44  3:58  Supply Depot  
  46  4:05  Marine  
  46  4:06  SCV  
  46  4:07  Siege Tank  
  51  4:11  SCV  
  51  4:17  Banshee, Bunker  
  51  4:19  SCV  
  51  4:23  SCV  
  56  4:28  Supply Depot  
  56  4:29  Marine x2  
  58  4:32  SCV  
  58  4:35  SCV  
  60  4:42  Siege Tank  
  60  4:44  SCV  
  62  4:46  Refinery  
  62  4:50  Marine x2, SCV  
  65  4:56  SCV  
  66  5:02  SCV  
  66  5:06  Banshee  
  70  5:11  Command Center  
  70  5:15  Supply Depot x2  
  70  5:27  Supply Depot  
  70  5:30  Marine x2, SCV  
  70  5:35  Hyperflight Rotors  
  70  5:36  Siege Tank, SCV  
  70  5:38  Refinery  
  70  5:42  SCV  
  75  5:47  Marine x2  
  75  5:48  SCV  
  75  5:49  Engineering Bay  
  78  5:50  Banshee  
  78  5:54  SCV  
  82  6:00  SCV  
  83  6:06  SCV  
  83  6:09  Marine x2  
  89  6:12  SCV  
  89  6:15  Factory x2, Hellion  
  89  6:20  SCV  
  89  6:22  Missile Turret  
  89  6:24  Missile Turret  
  88  6:29  Orbital Command  
  88  6:32  SCV  
  87  6:39  Siege Tank  
  90  6:40  Banshee  
  90  6:45  SCV x2  
  93  6:55  SCV  
  93  6:57  SCV  
  93  6:58  Marine x2, SCV  
  93  7:00  Factory Reactor, Factory Tech Lab  
  94  7:08  Armory x2  
  91  7:13  SCV  
  92  7:16  Refinery, Orbital Command  
  92  7:20  Missile Turret  
  92  7:21  Refinery, Supply Depot  
  92  7:22  Siege Tank  
  95  7:27  Banshee  
  98  7:30  SCV  
  98  7:34  Siege Tank  
  102  7:42  SCV x2  
  104  7:44  SCV  
  104  7:46  Hellion x2  
  109  7:54  SCV  
  109  7:58  Terran Vehicle Weapons Level 1, Terran Vehicle And Ship Armor Level 1  
  110  7:59  SCV  
  110  8:02  Supply Depot  
  110  8:04  Supply Depot  
  110  8:05  Siege Tank  
  114  8:07  SCV  
  114  8:10  Banshee  
  114  8:11  Supply Depot x2, SCV  
  114  8:12  Supply Depot  
  119  8:17  Missile Turret x2  
  119  8:18  Siege Tank, Missile Turret  
  122  8:22  SCV x2  
  122  8:23  Supply Depot, Missile Turret  
  122  8:24  SCV  
  125  8:31  Supply Depot  
  125  8:33  Supply Depot x2  
  129  8:34  Hellion x2, SCV  
  129  8:39  Siege Tank  
  133  8:46  Factory  
  133  8:47  SCV x2  
  133  8:48  Factory, SCV  
  136  8:51  Siege Tank  
  139  8:59  SCV  
  139  9:01  Banshee, Hellion x2  
  147  9:07  SCV x2  
  149  9:10  Factory  
  149  9:11  Siege Tank, Factory  
  146  9:19  Command Center  
  146  9:23  Siege Tank  
  153  9:24  Hellion x2  
  153  9:30  Factory Tech Lab  
  153  9:31  Infernal Pre-Igniter  
  153  9:32  Smart Servos  
  153  9:33  Hellion x2  
  157  9:41  Missile Turret x2  
  157  9:42  Missile Turret  
  157  9:43  Siege Tank, Missile Turret  
  157  9:44  Missile Turret  
  160  9:49  Siege Tank  
  160  9:50  Hellion x2  
  167  9:55  Siege Tank  
  170  10:06  Hellion x2  
  174  10:10  Factory Tech Lab x2  
  174  10:15  Siege Tank  
  174  10:21  Hellion x2, Thor  
  187  10:35  Terran Vehicle Weapons Level 2, Terran Vehicle And Ship Armor Level 2  
  187  10:38  Hellion x2  
  187  10:39  Unknown  
  191  10:47  Missile Turret  
  191  10:48  Missile Turret  
  191  10:51  Siege Tank x2  
  197  11:00  Planetary Fortress  
  197  11:04  Hellion  
  199  11:08  Command Center  
  193  11:30  Siege Tank  
  192  11:35  Siege Tank  
  195  11:44  Factory x2, Command Center  
  195  11:46  Factory  
  195  11:50  Siege Tank  
  195  11:52  Banshee  
  195  12:00  Thor  
  192  12:13  Siege Tank x2  
  192  12:14  Hellion x2  
  196  12:39  Hellion x2  
  196  12:40  Thor x2, Hellion x2, Factory Tech Lab x2, Factory Reactor  
  196  12:43  Thor  
  170  12:45  Thor  
  170  12:50  Banshee  
  158  12:53  Siege Tank  
  158  12:54  Sensor Tower  
  155  12:59  Refinery  
  155  13:01  Hellion x3  
  155  13:03  Siege Tank  
  155  13:05  Refinery, Widow Mine  
  166  13:06  Hellion  
  168  13:21  Planetary Fortress  
  168  13:22  Widow Mine, Hellion  
  168  13:23  Siege Tank x2, Missile Turret  
  168  13:24  Hellion x2  
  168  13:25  Hellion  
  184  13:28  Thor  
  184  13:33  Hellion x2  
  194  13:40  Siege Tank  
  197  13:48  Siege Tank  
  200  13:53  Missile Turret  
  200  13:54  Widow Mine, Missile Turret  
  198  14:17  Terran Vehicle And Ship Armor Level 3, Terran Vehicle Weapons Level 3  
  198  14:18  Starport  
  198  14:19  Starport  
  188  14:28  Siege Tank x2  
  192  14:33  Siege Tank  
  192  14:34  Siege Tank  
  192  14:37  Siege Tank x2  
  192  14:38  Hellion x2  
  199  15:01  Planetary Fortress  
  199  15:02  Starport Tech Lab  
  199  15:03  Starport Tech Lab  
  189  15:08  Thor x2  
  189  15:09  Thor  
  189  15:10  Hellion x4  
  189  15:11  Widow Mine  
  189  15:13  Siege Tank, Hellion x2  
  165  15:21  Hellion x2  
  153  15:31  Hellion  
  153  15:34  Banshee  
  153  15:35  Banshee x2  
  161  15:38  Hellion  
  161  15:39  Hi-Sec Auto Tracking  
  163  15:48  Unknown, Missile Turret  
  163  15:49  Thor  
  169  15:55  Drilling Claws  
  173  15:57  Widow Mine x2  
  173  16:03  Siege Tank x2  
  177  16:08  Siege Tank  
  180  16:12  Siege Tank x2  
  180  16:16  Hellion  
  188  16:21  Siege Tank  
  189  16:32  Siege Tank  
  190  16:35  Siege Tank x2  
  192  16:47  Thor  
  196  16:58  Command Center  
Show
View Real Time Build Order
Export as new Build Order

ShaDoWn Protoss 

Build Orders: 1 Gate Expand, Blink Stalkers 

Get SALT Encoding   

  12  0:00  Probe  
  13  0:13  Probe  
  14  0:16  Pylon  
  14  0:25  Probe  
  15  0:33  Probe  
  15  0:34  Gateway  
  15  0:41  Probe  
  16  0:47  Assimilator  
  17  0:51  Probe  
  18  1:03  Probe  
  19  1:15  Probe  
  20  1:21  Cybernetics Core  
  20  1:33  Nexus  
  20  1:40  Pylon  
  20  1:43  Probe  
  21  1:48  Adept  
  21  1:49  Assimilator  
  21  1:55  Probe  
  21  2:01  Warp Gate  
  24  2:07  Probe  
  25  2:18  Stalker  
  25  2:19  Probe  
  28  2:32  Probe  
  29  2:40  Twilight Council  
  29  2:41  Probe x2  
  30  2:48  Stalker  
  30  2:49  Probe x2  
  33  2:57  Blink  
  33  2:58  Probe  
  35  2:59  Probe  
  37  3:10  Probe  
  37  3:11  Probe  
  39  3:22  Probe  
  39  3:23  Probe  
  41  3:29  Gateway  
  41  3:31  Gateway  
  41  3:34  Probe  
  41  3:35  Probe  
  41  3:37  Pylon  
  43  3:46  Gateway, Probe  
  44  3:48  Probe  
  45  3:58  Probe  
  45  3:59  Gateway  
  45  4:00  Probe  
  47  4:03  Assimilator  
  47  4:05  Pylon  
  47  4:08  Stalker  
  49  4:10  Probe  
  49  4:13  Probe  
  51  4:22  Robotics Facility  
  51  4:23  Probe  
  52  4:25  Stalker x2, Probe  
  57  4:35  Probe  
  58  4:45  Probe  
  59  4:46  Nexus  
  59  4:48  Pylon, Probe  
  59  4:52  Shield Battery  
  60  4:54  Stalker  
  59  5:01  Probe  
  59  5:02  Observer  
  59  5:03  Probe  
  57  5:10  Stalker  
  57  5:13  Probe  
  60  5:15  Probe  
  60  5:20  Observer  
  58  5:25  Probe  
  60  5:30  Probe  
  60  5:35  Stalker x4  
  69  5:42  Observer  
  70  5:45  Pylon  
  70  5:51  Pylon  
  70  5:52  Charge  
  70  5:58  Sentry, Probe x2  
  70  5:59  Zealot x2  
  70  6:00  Probe  
  79  6:06  Stalker, Probe x2  
  79  6:08  Probe  
  83  6:14  Probe x2  
  83  6:16  Probe  
  85  6:24  Probe x2  
  87  6:27  Probe  
  87  6:31  Forge  
  89  6:36  Probe x2  
  89  6:38  Stalker x2  
  89  6:39  Probe  
  88  6:45  Probe  
  84  6:48  Probe  
  84  6:51  Probe  
  84  6:53  Probe  
  81  6:56  Probe  
  81  7:01  Protoss Ground Weapons Level 1, Probe  
  82  7:03  Probe  
  82  7:04  Probe  
  84  7:10  Probe  
  84  7:15  Probe x2  
  86  7:18  Photon Cannon  
  86  7:22  Probe  
  89  7:24  Probe x2  
  89  7:28  Templar Archives  
  89  7:29  Gateway  
  91  7:32  Assimilator, Probe x2  
  91  7:34  Probe  
  91  7:35  Assimilator  
  94  7:41  Probe  
  94  7:42  Pylon, Probe  
  95  7:45  Gateway  
  95  7:46  Probe  
  95  7:47  Gateway  
  95  7:51  Assimilator  
  97  7:53  Probe  
  97  7:54  Probe  
  99  7:58  Probe  
  99  8:01  Pylon  
  99  8:04  Gateway  
  100  8:05  Probe  
  100  8:07  Probe  
  100  8:08  Pylon  
  100  8:11  Immortal  
  102  8:14  Probe  
  103  8:21  Pylon  
  107  8:28  Nexus, Pylon  
  107  8:29  Psionic Storm  
  107  8:32  Probe  
  108  8:35  Pylon  
  108  8:41  High Templar x4  
  116  8:50  Observer  
  116  8:52  Photon Cannon  
  110  8:55  Probe  
  110  9:01  Probe  
  110  9:02  High Templar x3  
  116  9:03  Probe  
  116  9:08  Probe  
  118  9:11  Protoss Ground Weapons Level 2  
  118  9:13  Probe  
  119  9:17  Probe  
  119  9:20  Probe  
  119  9:22  Immortal  
  119  9:24  Zealot x5  
  131  9:25  Probe  
  131  9:27  Gateway x2  
  131  9:31  Pylon  
  132  9:33  Gateway  
  136  9:43  High Templar x2  
  136  9:44  Assimilator x2, Zealot  
  142  9:52  Archon  
  142  9:56  Immortal  
  140  10:01  High Templar x2, Zealot x3  
  147  10:26  High Templar  
  147  10:27  High Templar, Zealot x6  
  159  10:29  Pylon  
  159  10:31  Nexus  
  159  10:32  Probe  
  160  10:37  Shield Battery  
  160  10:40  Pylon  
  160  10:41  Observer  
  155  10:43  Stalker x3  
  155  10:44  Probe  
  155  10:46  Probe  
  160  10:57  Probe  
  160  11:02  High Templar  
  160  11:03  High Templar x3, Zealot x3  
  160  11:04  Zealot  
  177  11:05  Probe  
  179  11:11  Archon x2  
  179  11:16  Gateway  
  176  11:30  Zealot x3  
  178  11:33  Probe  
  178  11:37  Zealot x3  
  172  11:40  Pylon  
  172  11:43  Pylon  
  172  11:46  Zealot  
  160  11:54  Zealot x2  
  160  11:57  Pylon  
  161  12:02  Zealot x6  
  169  12:11  High Templar x3  
  169  12:12  High Templar  
  175  12:19  Archon x2, Zealot x2  
  177  12:23  Zealot x4  
  177  12:29  Probe  
  184  12:31  Zealot x2  
  184  12:35  Probe  
  180  12:42  Probe  
  180  12:43  Probe  
  126  12:48  High Templar x6  
  132  12:56  Probe  
  132  12:58  Zealot x3  
  138  13:04  Probe  
  138  13:05  Observer, Archon  
  139  13:09  Probe  
  132  13:23  Assimilator x2, Pylon  
  132  13:26  Nexus  
  132  13:39  High Templar x4  
  132  13:40  High Templar  
  132  13:41  High Templar, Zealot x3  
  144  13:43  Probe  
  144  13:44  Archon x2  
  144  13:45  Archon  
  144  13:46  Probe  
  144  13:47  Pylon  
  140  13:52  Probe  
  139  13:57  Probe  
  139  13:59  Probe  
  139  14:01  Probe  
  142  14:04  Probe  
  142  14:09  Probe  
  144  14:11  Probe  
  144  14:15  High Templar x4  
  144  14:16  Probe, Zealot x2  
  154  14:21  Archon x2  
  134  14:37  High Templar  
  134  14:39  High Templar, Zealot x5  
  144  14:46  Archon  
  144  14:47  Zealot x3  
  144  14:48  Probe x2  
  144  14:49  Probe  
  144  14:50  Probe  
  154  14:56  Zealot  
  154  15:03  Zealot x5  
  154  15:05  Probe  
  150  15:10  Probe  
  150  15:11  Zealot x2  
  115  15:15  Probe  
  115  15:16  Zealot  
  115  15:17  Probe  
  115  15:19  Probe  
  115  15:20  Probe  
  109  15:22  Probe  
  109  15:25  High Templar x2  
  109  15:27  Probe  
  112  15:29  Probe  
  112  15:31  High Templar, Probe  
  114  15:41  Probe  
  114  15:42  Photon Cannon  
  115  15:46  High Templar  
  115  15:47  Zealot x4  
  125  15:51  Probe  
  125  15:52  Probe x3  
  125  15:53  Probe  
  130  15:58  Assimilator  
  130  15:59  Assimilator, Probe  
  131  16:04  Probe x2  
  131  16:08  Probe  
  131  16:09  Probe  
  133  16:12  Zealot x3  
  133  16:17  Zealot x2  
  142  16:22  Probe  
  142  16:24  Zealot  
  142  16:25  Zealot  
  143  16:28  Immortal  
  143  16:32  Probe  
  137  16:33  Probe  
  137  16:34  Probe  
  143  16:41  Zealot x2  
  143  16:46  Probe  
  141  16:52  High Templar x2, Zealot x3  
  151  16:57  Immortal, Archon  
  149  17:11  Stalker  
  149  17:12  Stalker x2  
  151  17:27  Zealot x8  
  99  17:41  Zealot x3  
Tags
 
Add a new tag
Caveats
  • Supply blocks, unpowered buildings, or Contaminate may cause inaccurate times.
  • Supply counts are checked every 10 seconds.